 Dungeon Crawl Stone Soup version 0.23-a0-629-gae4348f (webtiles) character file.

104 Leeroy the Slasher (level 4, 0/34 HPs)
             Began as a Barachi Skald on Dec 26, 2018.
             Slain by an orc
             ... wielding a +0 hand axe
              (5 damage)
             ... on level 3 of the Dungeon.
             The game lasted 00:09:32 (2535 turns).

Leeroy the Slasher (Barachi Skald)                  Turns: 2535, Time: 00:09:34

Health: 0/34       AC:  6    Str: 12    XL:     4   Next: 80%
Magic:  2/7        EV: 12    Int: 14    God:
Gold:   111        SH:  0    Dex: 12    Spells: 0/7 levels left

rFire    . . .     SeeInvis .   a - +0 falchion
rCold    . . .     Gourm    +   (no shield)
rNeg     . . .     Faith    .   b - +0 leather armour
rPois    .         Spirit   .   (no helmet)
rElec    .         Reflect  .   i - +1 cloak
rCorr    .         Harm     .   (no gloves)
MR       .....     Clarity  +   t - +0 pair of boots
Stlth    +.........             G - amulet of the gourmand
HPRegen  0.11/turn              (no ring)
MPRegen  0.10/turn              (no ring)

@: very slightly contaminated, slow
A: +LOS, swims, blurry vision 1, clarity, slowness 1, strong legs 1
a: Hop


You were on level 3 of the Dungeon.
You were not hungry.

You visited 1 branch of the dungeon, and saw 3 of its levels.

You collected 111 gold pieces.

Inventory:

Hand Weapons
 a - a +0 falchion (weapon)
 j - a +0 hunting sling
 p - a +0 club
 F - a +0 morningstar
Missiles
 c - 95 stones (quivered)
 n - 75 arrows
 u - 8 poisoned needles
 w - 2 javelins
 y - 16 bolts
Armour
 b - a +0 leather armour (worn)
 e - a +0 plate armour
 i - a +1 cloak (worn)
 t - a +0 pair of boots (worn)
 C - a +0 ring mail
Jewellery
 r - an uncursed ring of fire
 E - an uncursed ring of protection from cold {unknown}
 G - an amulet of the gourmand (around neck)
Scrolls
 f - a scroll of fear {unknown}
 g - 2 scrolls of teleportation
 k - a scroll of fog {unknown}
 l - a scroll of amnesia {unknown}
 m - a scroll of remove curse {unknown}
 q - a scroll of magic mapping {unknown}
 A - a scroll of random uselessness {unknown}
Potions
 o - 2 potions of might {unknown}
 s - 2 potions of curing
 v - 2 potions of berserk rage {unknown}
 x - a potion of degeneration {unknown}
 z - a potion of mutation
 B - a potion of agility {unknown}
Comestibles
 d - 4 rations


   Skills:
 - Level 2.4 Fighting
 + Level 5.4 Long Blades
 - Level 1.2 Armour
 - Level 2.1 Dodging
 - Level 2.1 Spellcasting
 * Level 1.5 Hexes
 - Level 3.2 Charms


You couldn't memorise any spells.
You knew the following spells:

 Your Spells              Type           Power        Failure   Level  Hunger
a - Infusion              Chrm           ##..         8%          1    #......
b - Spectral Weapon       Hex/Chrm       #.......     32%         3    ###....
c - Regeneration          Chrm/Necr      #.........   41%         3    ###....

Your spell library contained the following spells:

 Spells                   Type           Power        Failure   Level  Hunger
 Song of Slaying          Chrm           ##......     12%         2    ###....
 Confusing Touch          Hex            #.....       16%         1    #......
 Shroud of Golubria       Chrm/Tloc      #.........   22%         2    ###....
 Animate Skeleton         Necr           N/A          30%         1    #......
 Apportation              Tloc           #.....       30%         1    #......
 Summon Small Mammal      Summ           #...         30%         1    #......


Dungeon Overview and Level Annotations

Branches:
Dungeon (3/15)

Altars:
Qazlal


Innate Abilities, Weirdness & Mutations

Shadows flee at your approach. (+LOS)
You can swim through water.
You cover ground slowly.
You can hop short distances.
Scrolls take you a little longer to read.
You possess an exceptional clarity of mind.


Message History

You hit the orc priest but do no damage.
The orc priest is moderately wounded.
The orc priest calls down the wrath of Beogh upon you.
Beogh smites you! The orc hits you but does no damage.
Unknown command.
It was a potion of mutation.
You feel extremely strange.
Your vision blurs.
Your thoughts seem clearer.
The orc priest invokes the aid of Beogh against you.
Pain shoots through your body!
* * * LOW HITPOINT WARNING * * *
The orc hits you with a +0 dagger.
* * * LOW HITPOINT WARNING * * *
The orc barely misses you.
It was a potion of curing.
You feel better. The orc barely misses you.
You riposte.
You hit the orc but do no damage.
The orc priest calls down the wrath of Beogh upon you.
Beogh smites you!
* * * LOW HITPOINT WARNING * * *
The orc hits you but does no damage. The orc hits you with a +0 hand axe.
You die...

###............
#..............
#.............
#............
........... ...
........# . ....
#..o...#.... .....
#.ooo....... ....#
#.o@# #... #...#
##... #...# .....
#...# ..... #...#
.....# ##...####
......
#.......########.....
#.......##.....#.....
#.......##...........


You could see an orc priest and 4 orcs.

Vanquished Creatures
  3 adders (D:2)
  2 worms (D:2)
  3 leopard geckos
  An orc (D:3)
  4 giant cockroaches
  2 goblins
  9 hobgoblins
  9 jackals
  8 kobolds
  2 quokkas (D:2)
  4 bats
  5 frilled lizards
  11 rats
63 creatures vanquished.

Notes
Turn   | Place    | Note
-------+----------+-------------------------------------------
     0 | D:1      | Leeroy the Barachi Skald began the quest for the Orb.
     0 | D:1      | Reached XP level 1. HP: 17/17 MP: 3/3
    54 | D:1      | Reached skill level 3 in Long Blades
    56 | D:1      | Reached XP level 2. HP: 21/23 MP: 5/5
   444 | D:1      | Reached skill level 4 in Long Blades
   475 | D:1      | Reached XP level 3. HP: 16/28 MP: 6/6
   480 | D:1      | Learned a level 3 spell: Spectral Weapon
  1079 | D:2      | Reached skill level 1 in Hexes
  1112 | D:2      | Reached XP level 4. HP: 20/34 MP: 4/7
  1283 | D:2      | Learned a level 3 spell: Regeneration
  1329 | D:2      | Reached skill level 5 in Long Blades
  1439 | D:2      | HP: 1/34 [worm (10)]
  2127 | D:2      | Found a stormy altar of Qazlal.
  2534 | D:3      | Gained mutation: Scrolls take you a little longer to read.
                  | [potion of mutation]
  2534 | D:3      | Gained mutation: You possess an exceptional clarity of
                  | mind. [potion of mutation]
  2535 | D:3      | Slain by an orc

Vault maps used:
D:1:      minmay_arrival_split_and_join, serial_forest,
          infiniplex_forest_straight_3, infiniplex_forest_clump_small,
          infiniplex_forest_lined_2, infiniplex_forest_straight_1,
          infiniplex_forest_end_3, infiniplex_forest_clump_large,
          infiniplex_forest_lined_4_way
D:2:      nicolae_qazlal_eye_of_the_storm, first_ration, minmay_crystal_water
D:3:      kennysheep_big_flooded_room

Skill      XL: |  1  2  3  4 |
---------------+-------------+-----
Long Blades    | 3 4 5 |  5.4
Hexes          | 1 |  1.5
Fighting       | |  2.4
Armour         | |  1.2
Dodging        | |  2.1
Spellcasting   | |  2.1
Charms         | |  3.2

Action                   |  1- 3 |  4- 6 || total
-------------------------+-------+-------++-------
Melee: Falchion          |   130 |   111 ||   241
Throw: Stone             |       |     1 ||     1
 Cast: Infusion          |     1 |     1 ||     2
       Spectral Weapon   |     1 |     1 ||     2
 Abil: Hop               |       |     1 ||     1
  Use: Potion            |     3 |     2 ||     5
       Scroll            |       |     3 ||     3
  Eat: Chunk             |     1 |    12 ||    13
Armor: Leather armour    |    60 |    37 ||    97
Dodge: Dodged            |   122 |    70 ||   192
       Rpst.: Falchion   |    48 |    29 ||    77

Table legend:
 A = Non-vault XP
 B = Vault XP
 C = Vault XP percentage of total XP
 D = Non-vault monster count
 E = Vault monster count
 F = Vault count percentage of total count
                 A         B        C        D         E       F
            +---------+---------+-------+---------+---------+-------
      Total |     146 |       3 |   2.0 |      61 |       2 |   3.2
            +---------+---------+-------+---------+---------+-------
        D:1 |      36 |       0 |   0.0 |      24 |       0 |   0.0
        D:2 |      98 |       0 |   0.0 |      31 |       0 |   0.0
        D:3 |      12 |       3 |  20.0 |       6 |       2 |  25.0
            +---------+---------+-------+---------+---------+-------
